Workbook
Name _GoBack: 'Introduction to the research'!$A$6

Sheet Introduction to the research
A1: Consumers engagement in knowledge sharing with business organizations (enterprises) and public organizations (i.e. schools, public administration)
A2: Dr Roisin Mullins and Dr Sandra Dettmer
A3: (this file shouldn't be used and copied without authors' permission. Contact to the authors: r.mullins@uwtsd.ac.uk)
A5: Knowledge is a strategic advantage which helps business and public organizations sustain as well as maintain their market competitiveness . Moreover, customer knowledge becomes an essential intangible asset for every line of business and public adminitration , leads to better response and respect toward customers, makes a contribution towards new and innovative products, contributes to the improvement of business value, and enhances the competitiveness of businesses. Consumers who share their knowledge with enterprises with the aim of creating values and benefits for enterprises and their own consumption are known as “prosumers,” whereas the process in which they share knowledge with enterprises is consistent with the notion of “prosumption” (for more detailed information read: ). In general, prosumption refers to situations in which prosumers share knowledge not only with enterprises, but also with other prosumers to produce things of value for enterprises, and also for themselves. They can share knowledge voluntary and do not expect any tangible benefits. Other times they share knowledge under the condition of obtaining certain benefits in return, such as rewards or fulfilling personal goals. To share their knowledge individuals use ICT. For more information you may read: 1) Investigating incentives that encouraged and can encourage Polish and UK-based prosumers to engage in knowledge sharing: www.iiakm.org/ojakm/articles/2017/volume5_1/OJAKM_Volume5_1pp72-100.pdf; 2) Identifying more about customers: the phenomenon of the switch to the knowledge exchange: www.iiakm.org/ojakm/articles/2016/volume4_1/OJAKM_Volume4_1pp165-179.pdf 3) Information and Communication Technologies for Supporting Prosumers Knowledge Sharing – Evidence from Poland and United Kingdom: https://fedcsis.org/proceedings/2016/drp/285.html 4) Tapscott, Williams, Wikinomics, 2008; 5) Toffler, The third wave, 1980
A6: Practical cases of the prosumption:
A7: https://www.shoesofprey.com/
A8: https://www.lego.com/en-gb/friends/explore/friends-designer?ignorereferer=true
A10: The research puropses are:
A11: a) the identification of business and public organisations which are promoting prosumptions projects and thus engaging prosumers to knowledge sharing;
A12: b) the identification of products and services in creation of which prosumers knowledge is use;
A13: c) the identification of business processes in which prosumers share their knowledge to create a new or to improve an existing product or service;
A14: d) the identification of the ways which prosumers may use to share their knowledge;
... A16: f) the identification of information and communication technologies (ICT) which serve as a tool to knowledge sharing

Sheet BP - model
B1: The model of business processes
B3: Business process | C3: Possibilities of prosumers' participation
B4: 2.0 Develop and Manage Products and Services | C4: • products’ designing (colors, shape or design of product); • materials requirement (with what kind of materials the product should be done); • graphic elements (e.g. logo or package); • improving functionality of product; • improving reliability and durability of product; • improving ease of product use; • improving efficiency of product; • improving ICT made available to consumers
B6: 3.0 Market and Sell Products and Services | C6: • creating advertising spots or taking part in marketing campaigns; • influencing products’ prices; • influencing promotions, discounts or loan programs; • influencing product availability and new distribution channels
B7: 4.0 Deliver Products and Services | C7: • improving ordering process • establishing new ways of ordering products and their delivery
B8: 5.0 Manage Customer Service | C8: • improving quality and lead time of customer service • improving handling complaints and warranty services • defining success factors of effective and professional customer service

Sheet Business Processes
A1: NO. | B1: Company name | C1: Number of Employees | D1: Company Size SMALL <250 MEDIUM 250 - 500 LARGE 500 - 1000 MEGGA >1000 | E1: Business Secor - Broad version | F1: Business Sector | G1: Evidence of Sustainability focus (YES/NO) | H1: If Sustainability - where is the evidence ? State words and expressions used | I1: If Sustainability - where is the evidence - state the web site | J1: Short description of observed prosumers activity | K1: Do you contribute to ideas for Products’ (designing parts of products) | L1: Ideas or suggestions relating to materials used in the production process (with what kind of material the product/part of the product should be done) | M1: Ideas or suggestions relating to the products' look and their packaging | N1: Ideas or suggestions relating to the products' functionality | O1: Ideas or suggestions relating to reliability of the products | P1: Ideas or suggestions relating to convenience / usage of the products | Q1: Ideas or suggestions relating to the products' efficiency | R1: Ideas or suggestions relating to advertising spots and marketing campaigns | S1: Ideas or suggestions relating to products' prices, discounts and promotions | T1: Ideas or suggestions relating to loan programs | U1: Ideas or suggestions relating to the possible to deliver the products | V1: Ideas or suggestions relating to the ordering processes | W1: Ideas or suggestions relating to the handling of consumers' complaints and warranty services | X1: Ideas or suggestions relating to the quality and lead time of customer service | Y1: Other
A2: 1 | B2: https://www.pukkaherbs.com/ | C2: 70 | D2: =IF(C2<250,"SMALL",IF(C2<500,"MEDIUM",IF(C2<1000,"LARGE","MEGGA"))) -> SMALL | E2: Food Retail | F2: Tea | G2: YES | H2: Donating to enviromental charities and 100% of their teas are Fair for Life. 1% for the Planet,1% turNOver to environmental and social causes sourcing 100% organic ingredients to reducing our carbon footprint; 100% Certified organic herbs, protecting people, plants and planet £89K Invested into Community in 2016, fair premium funds for producers and communities, Renewable electricity from British sunshine, wind and rain, zero waste to landfill, helping to keep our operational footprint light | I2: https://www.pukkaherbs.com/your-wellbeing/stories/planet/sustainability-at-pukka/ https://www.pukkaherbs.com/media/76569880/pukka-sustainability-highlights-2016.pdf https://www.pukkaherbs.com/our-mission/inspiring-change/ | J2: https://www.pukkaherbs.com/your-wellbeing/stories/people/partners/bizgive/ https://www.pukkaherbs.com/media/76569880/pukka-sustainability-highlights-2016.pdf https://www.pukkaherbs.com/our-mission/inspiring-change/ | Y2: Use the website to suggest via voting on how to donate to community projects.
A3: 2 | B3: www.Dell.com | C3: 101,800 | D3: =IF(C3<250,"SMALL",IF(C3<500,"MEDIUM",IF(C3<1000,"LARGE","MEGGA"))) -> MEGGA | E3: Technology | F3: Technology | G3: YES | H3: YES Dell incorporates sustainability into their business from recycling to design. Dell's partners will intercept ocean plastics at the source (in waterways, shorelines and beaches), before they reach the ocean. Partner companies will then process and refine the recovered plastics, mixing them with other recycled plastics to create packaging for deliveries. | I3: http://www.dell.com/learn/us/en/uscorp1/dell-environment?c=us&l=en&s=corp http://www.telegraph.co.uk/connect/better-business/business-sustainability/business-put-planet-first-in-2018/ | J3: http://www.ideastorm.com/ | K3: YES | L3: YES | M3: YES | N3: YES | O3: YES | P3: YES | Q3: YES | R3: YES | S3: YES | V3: YES | W3: YES | X3: YES | Y3: Web site encourages suggestions from consumers, and upload articles to vote on, and create time limited sessions for consumers to discuss an issue
A4: 3 | B4: https://twitter.com/ | C4: 3583 | D4: =IF(C4<250,"SMALL",IF(C4<500,"MEDIUM",IF(C4<1000,"LARGE","MEGGA"))) -> MEGGA | E4: Media | F4: Private | G4: YES | H4: Corporate executives take to Twitter to cover sustainability-based topics | I4: https://www.theguardian.com/sustainable-business/blog/twitter-csr-corporate-social-responsibility-communications | J4: https://books.google.co.uk/books?isbn=1473987490 | K4: NO | L4: NO | M4: NO | N4: NO | O4: NO | P4: NO | Q4: NO | R4: YES | S4: NO | T4: NO | U4: NO | V4: NO | W4: NO | X4: YES
A5: 4 | B5: https://www.amazon.co.uk/ | C5: 541,900 | D5: =IF(C5<250,"SMALL",IF(C5<500,"MEDIUM",IF(C5<1000,"LARGE","MEGGA"))) -> MEGGA | E5: Retail | F5: Private | G5: YES | H5: AWS commits to running business in the most environmentally friendly way | I5: https://www.amazon.co.uk/p/feature/kn3cxony42ececj | J5: https://www.amazon.co.uk/ | K5: YES | L5: YES | M5: YES | N5: YES | O5: YES | P5: YES | Q5: YES | R5: YES | S5: YES | T5: NO | U5: YES | V5: YES | W5: YES | X5: YES
A6: 5 | B6: https://www.facebook.com/ | C6: 25,105 | D6: =IF(C6<250,"SMALL",IF(C6<500,"MEDIUM",IF(C6<1000,"LARGE","MEGGA"))) -> MEGGA | E6: Media | F6: Private | G6: YES | H6: Give people the power to build community and bring the world closer together | I6: https://sustainability.fb.com/ | J6: https://www.facebook.com/ | K6: NO | L6: NO | M6: NO | N6: NO | O6: NO | P6: NO | Q6: NO | R6: YES | S6: YES | T6: NO | U6: NO | V6: NO | W6: NO | X6: YES
A7: 6 | B7: https://www.uber.com/ | C7: 12,000 | D7: =IF(C7<250,"SMALL",IF(C7<500,"MEDIUM",IF(C7<1000,"LARGE","MEGGA"))) -> MEGGA | E7: Transport | F7: Private | G7: YES | H7: Uber will decrease carbon emissions in cities by lessening people'e reliance on personal automobiles | I7: https://motherboard.vice.com/en_us/article/78kkj9/is-uber-good-or-bad-for-the-environment | J7: https://www.uber.com/ | K7: NO | L7: NO | M7: NO | N7: NO | O7: YES | P7: YES | Q7: YES | R7: NO | S7: YES | T7: NO | U7: NO | V7: NO | W7: NO | X7: YES
A8: 7 | B8: https://www.youtube.com/ | C8: 2000 | D8: =IF(C8<250,"SMALL",IF(C8<500,"MEDIUM",IF(C8<1000,"LARGE","MEGGA"))) -> MEGGA | E8: Media | F8: Private | G8: YES | H8: Usage of green electricity and making data centres as efficient as possible | I8: https://rankabrand.org/websites/YouTube | J8: https://www.youtube.com/ | K8: YES | L8: NO | M8: NO | N8: YES | O8: YES | P8: YES | Q8: YES | R8: YES | S8: YES | T8: NO | U8: NO | V8: NO | W8: NO | X8: YES
A9: 8 | B9: https://www.o2.co.uk/ | C9: 700 | D9: =IF(C9<250,"SMALL",IF(C9<500,"MEDIUM",IF(C9<1000,"LARGE","MEGGA"))) -> LARGE | E9: Communication | F9: TechNOlogy | G9: YES | H9: Big Blueprint, Carbon print, 12 million customers encouraged to make different choices, such as rating the sustainability credentials of the phones they buy. | I9: https://www.o2.co.uk/thinkbig/history | J9: http://static.o2.co.uk/www/docs/thinkbig/think-big-blueprint-1-progress-report-2012-to-2015.pdf | K9: YES | L9: YES | N9: YES | O9: YES | P9: YES | Q9: YES | R9: YES | S9: YES | U9: YES | V9: YES | W9: YES | Y9: Website clearly shows different packages to allow consumers to chose the best package for themselves. Website provides contact details for issues or questions. There is access to complain
A10: 9 | B10: https://www.apple.com/uk/ | C10: 123,000 | D10: =IF(C10<250,"SMALL",IF(C10<500,"MEDIUM",IF(C10<1000,"LARGE","MEGGA"))) -> MEGGA | E10: Technology | F10: techNOlogy | G10: YES | H10: We’ve made energy efficiency a priority across all of our facilities | I10: https://images.apple.com/euro/environment/pdf/f/generic/Apple_Environmental_Responsibility_Report_2017.pdf | J10: https://support.apple.com/en-gb | L10: YES | N10: YES | O10: YES | P10: YES | Q10: YES | R10: YES | S10: YES | T10: YES | W10: YES | X10: YES | Y10: website encourages feedback and provides links for many different topics relating to their products
A11: 10 | B11: http://ee.co.uk/ | C11: 10000 | D11: =IF(C11<250,"SMALL",IF(C11<500,"MEDIUM",IF(C11<1000,"LARGE","MEGGA"))) -> MEGGA | E11: Communication | F11: TechNOlogy | G11: YES | H11: Reduce our carbon emissions by 50% by 2015, based on our 2010 baseline | I11: http://ee.co.uk/our-company/corporate-responsibility/building-trust/the-environment | J11: http://ee.co.uk/our-company/corporate-responsibility/building-trust/our-customers | K11: no | L11: no | M11: no | N11: YES | O11: YES | P11: YES | Q11: YES | R11: YES | S11: YES | T11: YES | W11: YES | X11: YES | Y11: website consists of links which lead to alternative information
A12: 11 | B12: https://corporate.mcdonalds.com | C12: 235,000 | D12: megga | E12: Food Retail | F12: food retail | G12: yes | H12: While we’re committed to taking on many challenges facing society today, we’re elevating a few global priorities where we believe we can make the greatest difference and drive industry-wide change. We can’t do this alone – to make truly meaningful progress, we will need to use our scale and reach to collaborate with others both within and beyond the McDonald’s system. | I12: https://corporate.mcdonalds.com | J12: https://www.emeraldinsight.com/doi/abs/10.1108/MD-06-2013-0347?mobileUi=0&journalCode=md
A13: 12 | B13: http://www.vodafone.co.uk/?cid=ppc-wvm/brnd/_71700000012381249_/prch/an&gclid=CjwKCAjwgabeBRBuEiwACD4R5q3EsV2wnoF5v5D25ud-pFu9JmM3D_imzdvCM_NZLYytsdabO0UdmBoCZtYQAvD_BwE | C13: 12,379 | D13: megga | E13: communication | F13: Technology | G13: yes | H13: Climate change remains a critical global challenge and we recognise, as a significant consumer of electricity, that we have an important role to play as part of the global effort to limit temperature rises. Our new 2025 targets are an indication of that commitment: to reduce our greenhouse gas emissions by 40%; and to purchase 100% of the electricity we use from renewable sources. Within many of our markets, youth unemployment | I13: https://www.vodafone.com/content/dam/vodafone-images/sustainability/downloads/sustainablebusiness2018.pdf | J13: https://www.campaignlive.co.uk/article/vodafone-ogilvy-spoke-younger-generation-voxi/1487913 | K13: yes | L13: yes | M13: yes | N13: yes | O13: yes | P13: yes | Q13: yes | R13: no | S13: yes | T13: yes | U13: no | V13: no | W13: yes | X13: no
A14: 13 | B14: https://www.thebodyshop.com/en-gb/commitment | C14: 17000 | D14: megga | E14: retail | F14: retail | G14: yes | H14: The Body Shop is often credited with being one of the founders of modern corporate social responsibility (CSR). But more than ever before, the planet is in a precarious place due to human activity and we need to take a | I14: https://www.thebodyshop.com/en-gb/about-us/our-commitment/enrich-not-exploit-sustainability-report-2016 | J14: https://www.thebodyshop.com/medias/Values-Report-2015-6.pdf?context=pdf/ha8/h40/9089793032222.pdf&attachment=true | K14: yes | L14: yes | M14: no | N14: no | O14: yes | P14: yes | Q14: yes | R14: yes | S14: yes | T14: no | U14: no | V14: no | W14: yes | X14: yes
A15: 14 | B15: https://www.samsung.com/uk/aboutsamsung/home/ | C15: 320671 | D15: megga | E15: technology | F15: Technology | G15: yes | H15: Integrating corporate management and sustainable development is an issue of increasing importance in the business world, amid increasing expectations for social and environmental responsibility. In response, we have been improving the process of collecting stakeholders' ideas and setting up corporate-wide vision and strategies for sustainable development. We have designated economic, environmental and social responsibilities as the key elements of our sustainable management. We are committed to continuing to identify our various stakeholders | I15: https://www.samsung.com/us/aboutsamsung/sustainability/report-and-policy | J15: Finally, we will continue to cooperate with stakeholders, who are concerned with sustainable and responsible growth. We will seek advice from investors, NGOs, local communities, governments, and international organizations, and reflect their opinions in our decision-making process. | K15: no | L15: no | M15: no | N15: yes | O15: yes | P15: yes | Q15: no | S15: no | T15: yes | U15: no | V15: no | W15: no | X15: yes
A16: 15 | B16: https://www.britishgas.co.uk/energy/gas-and-electricity.html | C16: 31278 | D16: megga | E16: business energy supplier | F16: energy supply | G16: yes | H16: Through a £1.2m partnership with National Energy Action, British Gas is helping to bring communities together, while showing people how to use energy more efficiently. This includes energy efficiency bingo and training community groups. | I16: https://www.britishgas.co.uk/the-source/making-a-difference/in-local-communities/good-for-society-good-for-business | J16: We follow a simple business philosophy | K16: no | N16: no | O16: no | P16: yes | Q16: yes | R16: no | S16: no | T16: no | U16: no | V16: no | W16: no | X16: no
A17: 16 | B17: https://www.lego.com/en-gb/ | C17: 13974 | D17: megga | E17: retail | F17: retail… toys | G17: yes | H17: LEGO® botanical elements such as leaves, bushes and trees will be made from plant-based plastic sourced from sugarcane in the future and will appear in LEGO boxes already in 2018. | I17: https://www.lego.com/en-us/aboutus/news-room/2018/march/pfp | J17: We will continue to work closely with our retail partners and in LEGO-branded retail channels to create great experiences for consumers whenever and wherever they want to shop or play.” | K17: no | L17: no
A18: 17 | B18: http://www.dewalt.co.uk/ | C18: 587 | D18: large | E18: retail | F18: tools and construction | H18: der in the logistics industry, DHL structurally invests in trend research and solution development. To enable collaboration, the company brings together customers, research and academic institutions, industry partners, and logistics experts within the business divisions | I18: https://www.dewalt.com/company-info/sustainability | K18: no | L18: no | M18: yes | N18: yes | O18: no | P18: no | Q18: yes | R18: no | S18: no | T18: no | U18: no | V18: no | W18: yes | X18: no
A19: 18 | B19: https://parcel.dhl.co.uk | C19: 468724 | D19: megga | E19: delivery company | F19: delivery | G19: yes | H19: Corporate Responsibility is an integral part of our corporate strategy. With “Living Responsibility” as our motto, we focus on environmental protection (GoGreen), disaster management (GoHelp) and education (GoTeach) and support employee volunteerism (Global Volunteer Day, Living Responsibility Fund) | I19: http://www.dhl.com/en/sustainable_solutions.html | K19: no
A20: 19 | B20: https://www.annsummers.com/fancy-dress/shop-by-category/halloween/ | D20: megga | E20: Retail | F20: retail | G20: yes | H20: Lingerie and sex toy specialist Ann Summers has renewed its recycling and waste contract with Helistrat. | I20: https://www.edie.net/news/5/Ann-Summers-renews-recycling-contract-with-Helistrat/ | J20: https://uk.marketforce.com/annsummers/ | K20: no | L20: no | M20: no | N20: no | O20: no | P20: no | Q20: no | R20: no | S20: no | T20: no | U20: no | V20: no | W20: no | X20: no
A21: 20 | B21: https://www.ikea.com/gb/en/ | C21: 194000 | D21: megga | E21: retail | F21: retail | G21: yes | H21: The IKEA sustainability strategy – People & Planet Positive – was launched in 2012 with ambitious goals to transform the IKEA business, the industries in the IKEA value chain and life at home for people all across the world. | I21: https://www.ikea.com/ms/fr_BE/media/pdf/sustainability_report/sustainable-products.pdf | J21: deseretnews.com/article/865586914/Prosumption-Why-just-about-everybody-unwittingly-works-for-free.html | K21: no | L21: yes | M21: no | N21: no | O21: no | P21: no | Q21: no | R21: no | S21: no | T21: no | U21: no | V21: no | W21: yes | X21: yes
A22: 21 | B22: https://www.loreal-paris.co.uk/ | C22: 89300 | D22: megga | E22: retail | G22: yes | H22: Sharing growth is one of the main themes underlying L'Oréal's commitment to its community. In particular, it means that the group pays increased attention to its surrounding communities, by creating useful projects that meet real social needs and are consistent with L'Oréal's activities. | I22: https://www.loreal.com/sustainability | J22: http://parisinnovationreview.com/articles-en/cosmetics-in-the-thick-of-advertising-competition | K22: no | L22: no | M22: no | N22: no | P22: yes | Q22: yes | R22: no | S22: no | T22: no | U22: no | V22: no | W22: yes | X22: no
A23: 22 | B23: https://www.superdry.com/ | D23: megga | E23: retail | F23: clothing | G23: yes | H23: At Superdry, we produce high-quality, contemporary products with a key focus on design detail, quality standards, end-to end innovation and value for money. Our clothes and accessories are strongly linked to our brand values, of which sustainability is one. For us this means finding ways to: Make great products sustainably Best support our colleagues while extending our values to support people operating in our supply chain and within our local and wider communities Protect our planet by using resources sustainably | I23: https://careers.superdry.com/about-us/sustainability-environment-community | K23: no | L23: no | M23: no | N23: no | O23: no | P23: no | Q23: no | R23: no | S23: no | T23: no | U23: no | V23: no | W23: no
A24: 23 | B24: https://www.burgerking.co.uk/ | C24: 34248 | D24: megga | E24: retail | F24: fast food | G24: yes | H24: FC Yum! Center is committed to reducing our environmental impact. We do so through ongoing efforts to save energy and water, recycle, purchase environmentally preferable products, and help raise awareness of environmental issues. Here are just a few of the projects we have implemented to minimize our environmental impact: • Created a recycling program for glass, plastic, aluminum, cardboard, paper and more • Switched lighting to energy-efficient CFL or LED bulbs in many areas • Installed smart valves on all men’s urinals, saving thousands of gallons of water each month • Implemented a green cleaning policy • Created program to purchase recycled-content paper products | I24: https://www.bk.com/corp-respon | J24: We are dedicated to supporting and investing in our people – employees, franchisees, suppliers and restaurant guests – because they are the cornerstones of our business. We do all that we can to serve employees and guests alike. The BURGER KING McLAMORE℠ Foundation is but one way that we support our BURGER KING® friends and family. In addition to the foundation, along with our franchisee community, we support numerous local and regional initiatives worldwide. | K24: no | L24: no | M24: no | N24: no | O24: no | P24: yes
A25: 24 | B25: https://www.kfc.co.uk/?gclid=EAIaIQobChMIkPDmi8Sc3gIVSpztCh2qNwloEAAYASAAEgLv5vD_BwE | D25: megga | E25: retail | F25: fast food | G25: yes | H25: At wilko, we source products our customers want, at the best price they can afford, from suppliers around the globe, to deliver quality and value. Sourcing products and services in a responsible way is central to our values and vision, and we work to ensure our sourcing practices will not harm or disadvantage those who produce them and that they have the lowest possible impacts on the environment. For the issues that matter most to us, we have developed specific policies which our suppliers support the implementation of: | I25: https://www.kfcyumcenter.com/arena-information/sustainability-efforts | J25: https://www.wilko.com/en-uk/help-advice/contact-us | K25: no | L25: no | M25: no | N25: no | O25: no | P25: no | Q25: no | R25: no | S25: no | T25: no | U25: no | V25: no | W25: no | X25: yes
A26: 25 | B26: https://www.wilko.com/ | C26: 23000 | D26: megga | E26: retail | F26: homeware | G26: yes | H26: Home Bargains recognise that running our business impacts on the environment and that we have a responsibility to reduce the negative impacts. We do this by taking seriously our moral and legal obligations in relation to the environment. Specific examples of this in action include: Working with suppliers to, where possible, reduce the packaging around products we sell; Wherever possible, reusing packaging, for example reusing supplier cartons to package deliveries for our internet operation; Recycling as much of the waste we produce as a business as we can; Minimising the amount of waste we send to landfill. | I26: http://corporate.wilko.com/stories/csr.php | J26: https://uk.trustpilot.com/review/www.homebargains.co.uk | K26: no | L26: no | M26: no | N26: no | O26: no | P26: no | Q26: no | R26: no | S26: no | T26: no | U26: no | V26: no | W26: no | X26: no
A27: 26 | B27: https://www.homebargains.co.uk/ | C27: 17000 | D27: megga | E27: retail | G27: yes | H27: &M likes to play its part in caring for the environment. Our stores send all their waste back to our Recycling Centre where we recycle all paper, cardboard and plastic material; as well as wood and metal. We have been upgrading our HGV fleet in 2 important ways. Our tractor units have been upgraded in the last 24 months to the latest fuel efficient engines. Similarly, we have been investing in a fleet of Double-Deck trailers to minimise our road miles. At our stores we have an on-going programme of investment in more efficient HF lighting; to reduce our carbon footprint and, yes our electricity bills! B&M participates in the national Electrical Appliance and Battery Recycling schemes. | I27: https://help.homebargains.co.uk/hc/en-gb/articles/200377486-Environment-Recycling-and-Disposal | J27: http://www.bandmretail.com/corporate-responsibility/colleagues.aspx | K27: no | L27: no | M27: no | N27: no | O27: no | P27: no | Q27: no | R27: no | S27: no | T27: no | U27: no | V27: no | W27: no | X27: no
A28: 27 | B28: https://www.bmstores.co.uk/stores | C28: 28000 | D28: megga | E28: retail | G28: yes | H28: We’re working hard on everything from workers' rights to animal testing and our carbon footprint. We always try to get it right. When we do, we celebrate. When we don't, we learn for the next time. | I28: B&M is a fun place to work. We are also grateful for the support we receive from the communities in which we trade. Stores regularly have charity fundraising events and are keen to engage with the local community. | K28: no | L28: no | M28: no | N28: no | O28: no | P28: no | Q28: no | R28: no | S28: no | T28: no | U28: no | V28: no | W28: no | X28: no
A29: 28 | B29: https://www.newlook.com | C29: 18249 | D29: megga | E29: retail | F29: retail | G29: yes | H29: t every stage of our retailer operations, we make efforts to reduce the amount of packaging waste we produce. This includes contacting suppliers and asking them to reduce the packaging they use, as well as conducting environmental assessments on all of our own-label packaging and using recyclable or bio-degradable materials wherever possible. Every little change we can make to reduce our packaging waste we take action on; for example, we reduced the thickness of the foil we need to use for certain products, so we use less of it! Our customers have also had their say, | I29: http://www.newlookgroup.com/sustainability | K29: no | L29: no | M29: no | N29: no | O29: no | P29: no | Q29: no | R29: no | S29: no | T29: no | U29: no | V29: no | W29: no | X29: no
A30: 29 | B30: http://www.petsathome.com/?&cm_mmc=PPC-_-Google-_-BRAND-_-BRAND+Pets+at+Home&ito=GAG1396360056&itc=GAC217431081037&itkw=pets%20at%20home&itaexid=&itawnw=search&itawmt=e&itadvc=c&gclid=dclid=CNGrnPfEnN4CFVfgGwodLZkGBg | C30: 6000 | D30: large | E30: retail | G30: yes | H30: The people in our business with responsibility for procurement are provided with training and support in sustainable procurement practices. The sustainability criteria outlined in this policy are built into our procurement process, from sourcing and selection, to contract award and ongoing contract management. Over time these will increasingly become a pre-requisite for all our suppliers. We encourage all suppliers to proactively work to improve practices in relation to these principles, in orde | I30: http://www.petsathome.com/shop/en/pets/about-us/responsible-retailing/caring-for-the-enviroment | J30: https://www.slideshare.net/sustainablebrands/havas-media-prosumer-report | K30: no | L30: no | M30: yes | N30: yes | O30: no | P30: no | Q30: no | R30: no | S30: no | T30: no | U30: no | V30: no | W30: no | X30: no
A31: 30 | B31: https://www.virginatlantic.com/ | C31: 700000 | D31: large | E31: travel industry | F31: airlines | G31: yes | H31: Our Sustainability Report tells only part of our story. Its companion piece is our 2017 Annual Review. Our growth and our environmental and social impact stories are interconnected, and the Annual Review and Sustainability Report reflect this—from cover to cover. Our Annual Review cover features diverse beverages from our consumer-centric brand portfolio. Our Sustainability Report cover represents the packaging we want to recover, recycle and reuse. We will continue to do business the right way by following our values and working toward solutions that benefit us a | I31: https://www.virginatlantic.com/gb/en/sustainability/resources.html
A32: 31 | B32: https://www.coca-cola.co.uk | C32: 61800 | D32: megga | E32: retail | F32: food retail | G32: yes | H32: Cadbury is proud to announce a new partnership with Fairtrade to support the roll out of Cocoa Life to Cadbury Dairy Milk products in 2018. The new partnership between Cocoa Life and Fairtrade builds on a relationship established in 2009, with Fairtrade becoming a partner for the Cocoa Life program. Through a US$400 million investment, Cadbury is working with Fairtrade to secure a positive future for 200,000 farmers and one million community members in six key cocoa growing countries by 2022. | I32: https://www.coca-colacompany.com/content/dam/journey/us/en/private/fileassets/pdf/2018/2017-Sustainability-Report-The-Coca-Cola-Company.pdf | J32: https://cstonline.net/who-invented-the-prosumer-by-toby-miller/ | K32: ys | L32: no | M32: no | N32: yes | O32: yes | P32: yes | Q32: no | R32: yes | S32: no | T32: no | U32: no | V32: no | W32: yes | X32: no
A33: 32 | B33: https://www.cadbury.co.uk/ | C33: 45000 | D33: megga | E33: retail | F33: food retail | G33: yes | H33: Cadbury is proud to announce a new partnership with Fairtrade to support the roll out of Cocoa Life to Cadbury Dairy Milk products in 2018. | I33: https://www.cadbury.com.au/About-Cadbury/Sustainable-Cocoa.aspx | K33: no | L33: no | M33: no | N33: no | O33: no | P33: no | Q33: no | R33: no | S33: no | T33: no | U33: no | V33: no | W33: no
A34: 33 | B34: https://www.primark.com/en/homepage | C34: 75000 | D34: megga | E34: retail | F34: clothing and homeware | G34: yes | H34: The lifecycle of a Primark product involves many stages which can affect the planet. We strive to minimise this impact wherever we can. Whether it’s the cotton that goes into our t-shirts, the dyes used by factories or the way our products are transported and sold in-store. Find out about the steps we are taking to reduce our environmental footprint. | I34: https://www.primark.com/en/our-ethics | J34: https://www.surveymonkey.co.uk/r/NTC5WNX | K34: no | L34: no | M34: no | N34: no | O34: no | P34: no | Q34: no | R34: no | S34: no | T34: no | U34: no | V34: no | W34: no
A35: 34 | B35: https://www.uwtsd.ac.uk/ | E35: education | F35: education | G35: yes | H35: UWTSD is dedicated to creating a community of staff and students who support sustainability through social, economic, cultural and environmental responsibility. The Sustainability Delivery Team actively promotes these efforts throughout campus and the community. | I35: https://www.uwtsd.ac.uk/sustainability/ | J35: undamental to this strategy, CEO Mark Parker said on a call yesterday (March 22) with investors, is “to be more personal at scale.” The aim is to use data to treat every one of Nike’s millions of customers as a unique individual, which is why Nike announced that it had acquired Zodiac, a consumer data and analytics company. Parker explained that Nike has been working with Zodiac for several months already, using it to gain insight on its customers and how they behave. | K35: no | L35: no | M35: no | N35: no | O35: no | P35: no | Q35: no | R35: no | S35: no | T35: no | U35: no | V35: no | W35: no
A36: 35 | B36: https://www.nike.com | C36: 73000 | D36: megga | E36: retail | F36: sportswear | G36: yes | H36: https://www.nike.com/gb/help/ | I36: https://www.nike.com/gb/en_gb/c/sustainability | J36: Consumer interests change rapidly and our success depends on the ongoing effectiveness of our marketing and online initiatives to build consumer affinity for our brand, drive consumer demand for key products and generate traffic for our stores. We continue to update and evaluate our marketing initiatives, which are focused on building our brand, sharing relevant product news, executing timely promotions and adapting to rapidly changing consumer preferences. Our future growth and profitability will depend in large part upon the effectiveness and efficiency of our integrated marketing and advertising programs and future marketing and advertising efforts that we undertake, including our ability to: • create greater awareness of our brand, interactive shopping | K36: no | L36: yes | M36: no | N36: yes | O36: yes | P36: no | Q36: nyes | R36: yes | S36: no | T36: no | U36: no | V36: no | W36: no
A37: 36 | B37: https://www.buildabear.co.uk/ | C37: 5643 | D37: megga
A38: 37 | B38: https://www.microsoft.com/en-us/corporate-responsibility/environmental-sustainability | C38: 131,00 | D38: megga | E38: technology | F38: technology | G38: yes | H38: Establishing group-wide carbon intensity baseline and maintaining their carbon neutral status Helping over 140,000 young people build their skills and experience through initiatives across the UK, Ireland, Germany, Austria and Italy – with 81% of students who participated in Sky Academy Skills Studio rating themselves higher in at least one key 100% of suppliers with more than £100k spend independently assessed for inherent risk Staff engagement 23% higher than the UK average benchmark for large companies Reporting Group gender diversity and detailing commitments in this area which include the development and support of leadership pipeline through Women in Leadership initiative | I38: https://www.microsoft.com/en-us/corporate-responsibility/environmental-sustainability | J38: ZDNet reports that the vision outlined by Mehdi is focused on productivity. Microsoft will now target “professional consumers” or what are commonly referred to as prosumers. These are customers that typically buy high-end devices that are typically used for both work and home. Microsoft is committing to market Surface more at these types of consumers, alongside a new campaign to push Cortana more. While Alexa and Google Home appear on more and more devices, Cortana is set to debut on a new smart thermostat next month.
A39: 38 | B39: https://www.sky.com/ | C39: 4000 | D39: megga | E39: technology | F39: television services | G39: yes | I39: https://www.bitc.org.uk/resources-training/research/sky-release-their-latest-sustainability-report-and-summary-video | J39: https://www.capitalone.co.uk/support/contact-us.jsf
A40: 39 | B40: https://www.capitalone.co.uk/creditcards/secure/find-my-card.jsf | C40: 49300 | D40: megga | E40: finance | F40: finance | G40: yes | H40: o maintain our commitment, Capital One annually purchases Renewable Energy Certificates (RECs) to cover our company’s total electricity demand. Each year, we confirm our commitment has been met through a greenhouse gas reporting third-party verification process. While purchasing RECs has enabled Capital One to meet our commitment to 100 | I40: https://environment.capitalone.com/renewable-energy
A41: 40 | B41: https://www.airbnb.co.uk/a/?af=43720035&c=.pi0.pk59827738775_192767240144_c_12026460346&loc_interest_ms=&loc_physical_ms=9045391&gclid=Cj0KCQjwjbveBRDVARIsAKxH7vllhjG0sAGJLxJwnppHwk15fMbrwMAC-vHOh6GAzw21xEG5Ah-LgK0aAi0oEALw_wcB | C41: 31000 | D41: megga | G41: yes | I41: https://www.airbnbcitizen.com/airbnb-announces-new-sustainability-board/ | J41: Participants of sharing economy platforms, however, have indicated that social benefits are more important than the economic and financial benefits that sharing economy platforms provide (Tapio & Airi, 2015). Indeed, consumers may perceive differently the value of services offered through sharing economy platforms than they do the value of traditional businesses. For example, consumers may value the sociability, trustworthiness, and friendliness of their Airbnb hosts and the experience they enjoy during their stay (Mody, Suess, & Lehto, in press). However, the value placement might be more closely tied to the dollars consumers spend. That is, the way consumers perceive the benefits from goods and services is likely to be different in sharing economy platforms. While traditional businesses are slow to keep up with these changes, the mutually beneficial characteristics of sharing economy platforms seem to be one of the main reasons behind the significant growth of the sharing economy marketplace, which is now considered a major threat by
A42: 41 | B42: https://www.gecapital.com/ | C42: 35000 | D42: megga | G42: yes | H42: GE brings to market innovative solutions that deliver essential energy, healthcare and transportation infrastructure. We work with the highest integrity, compliance culture and respect for human rights while also reducing the impact of our technology and environmental footprint. medical scanner Predix GE’s Industrial Internet Predix solutions leverage the power of software to drive breakthrough levels of performance across a diverse set of industrial assets wind turbine Digital Wind Farms Combines GE’s modular 2MW turbine platform with robust digital infrastructure fuel cell installation Solid Oxide Fuel Cell Building a more cost-effective Solid Oxide Fuel Cell that can get 60%+ efficiency rendering of CFM engine CFM Leap Engine GE's next generation jet engine that includes ceramic components and 3-D printed parts rendering of 9HA turbine 9HA Turbine The 9HA is GE’s latest, industry-leading high-efficiency, air-cooled gas turbine for large utility applications locomotive pulling freight Evolution Tier 4 Locomotive Engine The new Evolution Tier 4 Locomotive reduces emissions by more than 70% from Tier 3 technology Setting Priorities illustration showing a government building GOVERNANCE The GE Board of Directors and its committees oversee the execution of GE’s Environmental, Social and Governance (ESG) strategy as part of their oversight of business strategy and risk management. In 2017, the Board reviewed ESG-related topics such as EHS Programs and Political Contributions. ESP Priorities image We select priority issues where both the need as expressed by critical stakeholders and GE’s unique potential for impact are greatest. For each ESG priority, we employ GE’s deep expertise and advanced technologies to improve outcomes. Based on this process, GE’s ESG Steering Committee selected the following priorities: Integrity & Compliance Human Rights Climate & Energy 100 Best Companies for Working Mothers Working Mother, 2017 United Nations Global Compact (UNGC) Signatory, 2008-present Best Places to Work Corporate Equality Index, Human Rights Campaign, 2017 Most Ethical Companies Ethisphere, 2007-2017 diagram labeled Sustainability Priorities Integrated Report The Integrated Summary Report gives investors a comprehensive and concise view of GE, including strategy, performance, board oversight, compensation and ESG. engineer at work Our Reports GE is committed to transparency. Find all disclosures in our Reports Hub to learn more about how we’re working on corporate social responsibility. Imagination at work Footer menu INTEGRITY AT GE COOKIES TERMS PRIVACY SITE MAP INVESTOR CONTACTS CONTACT US CALIFORNIA TRANSPARENCY IN SUPPLY CHAIN UK MODERN SLAVERY ACT ACCESSIBILITY PAY TRANSPARENCY CANDIDATE PRIVACY NOTICE GE is an Equal Opportunity Employer. Employment decisions are made without regard to race, color, religion, national or ethnic origin, sex, sexual orientation, gender identity or expression, age, disability, protected veteran status or other characteristics protected by law. Learn More © 2018 GENERAL ELECTRIC | I42: https://www.ge.com/sustainability/ | K42: no | L42: no | M42: no | N42: no | O42: no | P42: no | Q42: no | R42: no | S42: no | T42: no | U42: no | V42: no | W42: no
A43: 42 | B43: https://www.netflix.com/gb/ | C43: 5500 | D43: megga | G43: yes | H43: At Netflix, we are continually tuning the performance of our servers, both to reduce energy use and increase speed and other performance metrics. In 2015, we shared impressive metrics about the increase in server efficiency and have continued to make strides in this area. | I43: https://media.netflix.com/en/company-blog/renewable-energy-at-netflix-an-update | J43: https://help.netflix.com/en/node/9977
A44: 43 | B44: https://www.ibm.com/uk-en/ | C44: 377757 | D44: megga | G44: yes | H44: oday's energy—and climate—related issues are at the top of our strategic agenda. IBM solutions can help customers reduce costs and systemically minimize energy, water, carbon emissions and waste. IBM is helping customers to become more energy efficient, implement new ways to source, manufacture and distribute goods and services in a more sustainable manner, enable safe and renewable sources of energy and manage resources at a macro level, transforming entire industries. IBM takes a holistic approach to our planet's challenges that combines our innovative technology, deep business insight, and industry expertise. Together, we can enhance the sustainability of business-and our planet. | I44: https://www.ibm.com/ibm/green/
A45: 44 | B45: https://www.barclays.co.uk/ | C45: 47000 | D45: megga | E45: bfinance | F45: banking | G45: yes | H45: Barclays becomes first UK bank to offer corporate clients range of dedicated loans, deposits, asset finance and innovation finance to support green investment | I45: https://www.businessgreen.com/bg/news/3023112/sustainable-growth-barclays-launches-new-range-of-green-finance-products | J45: no | K45: no | L45: no | M45: no | N45: no | O45: no | P45: no | Q45: no | R45: no | S45: no | T45: no | U45: no
A46: 45 | B46: www.matalan.co.uk | C46: 45,000 | D46: megga | E46: retail | F46: retail | G46: yes | H46: We maintained cost base efficiency (excluding exceptional items) whilst at the same time allowing for additional investment in other selective key areas. This provides a strong platform from which to grow. We will continue to manage our cost base tightly going forward | I46: https://www.matalan.co.uk/corporate/corporate-publications | J46: https://production-matalanlive-assets.s3-eu-west-1.amazonaws.com/uploads/asset_file/asset_file/123175/1490265694.7899113-Report_and_Accounts_for_the_year_ended_25_February_2012.pdf | K46: no | L46: no | M46: no | N46: no | O46: no | P46: no | Q46: no
A47: 46 | B47: www.ebay.co.uk | C47: 14,100 | D47: megga | E47: retail | F47: retail | G47: no | H47: Created in 2007, the company’s global citizenship efforts also build on this idea, focusing on three specific areas: Creating economic opportunity, driving sustainability and enabling philanthropy. The following is a summary of the initiatives that fuel each area. | I47: www.ebayinc.com/stories/news/ebay-inc-honored-sustainability-work/ | J47: https://investors.ebayinc.com/overview/default.aspx | K47: no | L47: no | M47: no | N47: no | O47: no | P47: no | Q47: no | R47: no | S47: no | T47: no | U47: no | V47: no | W47: no
A48: 47 | B48: www.microsoft.co.uk | C48: 93000 | D48: megga | E48: technology | F48: technology | G48: no | H48: At Microsoft, we believe climate change is an urgent problem that demands a global response from all industries. We are committed to doing our part and have been taking steps to address and reduce our carbon footprint for nearly a decade. In 2009, Microsoft set its first carbon emissions target. In | I48: https://blogs.microsoft.com/on-the-issues/2017/11/14/microsoft-pledges-cut-carbon-emissions-75-percent-2030/ | K48: no | L48: no | M48: no | N48: no | O48: no | P48: no
A49: 48 | B49: www.argos.co.uk | C49: 29565 | D49: megga | E49: retail | F49: retail | G49: yes | I49: http://www.annualreports.co.uk/HostedData/AnnualReportArchive/h/LSE_HOME_2015.pdf | K49: no | L49: no | M49: no | N49: no | O49: no | P49: no | Q49: no | R49: no | S49: no | T49: no | U49: no | V49: no | W49: no
A50: 49 | B50: www.adidas.co.uk | C50: 31344 | D50: megga | E50: retail | F50: sports wear | H50: people. An impressive 92% even say that sport has a positive impact on our society. But for sport to change lives, it needs a space to exist, a field to play on, an ocean to surf or a mountain to climb – and these spaces are increasingly endangered due to man-made issues including human rights violations, pollution, growing energy consumption and waste. Based on our love of sport and responsibility as a globally operating company, we want to be the guardians of these spaces. Thus, we have developed a holistic approach that seriously tackles the challenges that endanger the spaces of sport and simultaneously our planet and people | I50: https://www.adidas-group.com/en/sustainability/reporting/sustainability-reports/ | J50: As a global sports company we believe that, through sport, we have the power to change lives, and nowhere is this more profound than in our community engagement efforts. | K50: yes | L50: yes | M50: no | N50: yes | O50: yes | P50: yes | Q50: yes | R50: yes | S50: no | T50: no | U50: no | V50: no | W50: yes | X50: yes
A51: 50 | B51: www.pandora.co.uk | C51: 1940 | D51: megga | E51: retail | F51: jewellery | G51: yes | H51: At PANDORA, we believe that responsible business practices and our aspiration to offer high quality, affordable jewellery go hand in hand. That is why we are committed to developing and manufacturing PRODUCTS in a responsible manner; to providing a great environment for our PEOPLE; and to working towards minimizing our environmental impact on the PLANET. | I51: https://www.pandora.net/en-th/company/about/responsible-jewellery
A52: 51 | B52: www.welshwater.co.uk | C52: 3000 | D52: megga | E52: water supply | F52: water supply | G52: yes | H52: In providing these services, we depend on a huge network of assets, most of which have extremely long lives. Many of the decisions we take today will therefore have an important impact on our customers, the economy and on the environment for many years to come. | I52: https://www.dwrcymru.com/en/Environment/Our-Sustainable-Future.aspx | J52: https://www.dwrcymru.com/en/Contact-Us/Livechat.aspx | K52: yes | L52: yes | M52: no | N52: no | O52: no | P52: no | Q52: no | R52: no
A53: 52 | B53: www.debenhams.co.uk | C53: 8431 | D53: megga | E53: retail | F53: department store | G53: yes | H53: Reducing our impact on the environment is an essential part of a sustainable business. As well as complying with all mandatory requirements. | I53: http://sustainability.debenhamsplc.com/environment/ | J53: Debenhams invites you to become a Design Team member. As a member you have the opportunity to influence the future of Debenhams by providing your views and ideas on how we can improv | K53: yes | L53: yes | M53: yes | N53: yes | O53: yes | P53: yes | Q53: yes | R53: yes | S53: yes | T53: yes | U53: yes | V53: yes | W53: yes | X53: yes
A54: 53 | B54: www.tesco.co.uk | C54: 500000 | D54: megga | E54: retail | F54: retail | G54: yes | H54: With our suppliers, we are building even closer partnerships, working together to deliver great quality products for our customers and grow our mutual businesses | I54: https://www.tescoplc.com/media/474793/tesco_ar_2018.pdf | J54: One example of particularly close partnership is our Tesco Sustainable Dairy Group, which has now paid an extra £300m to farmers above the market price of milk since it launched – helping them to manage the volatility in milk price experienced by the dairy industry. The group also incentivises our farmers to focus on quality, sustainability and productivity – and following this success, we have set up similar groups for other agricultural products including potatoes, lamb, poultry and eggs | K54: yes | L54: yes | M54: yes | N54: no | O54: no | P54: no | Q54: no | R54: no
A55: 54 | B55: www.lush.co.uk | C55: 1197 | D55: megga | E55: retail | F55: retail | G55: yes | H55: Environmental issues are at the heart of the company and trickle through to the decisions we make on a daily basis. For example, we use almond and olive oil - not mineral oil - partly because we think fields of trees make our lives much richer than oil fields. | I55: https://uk.lush.com/article/our-environmental-policy | J55: In a first for a major retailer, Lush has built and now launched its own tablet till system. The open-source system includes an app built on Google’s Android that allows its shop staff to roam the store, offering mobile checkout points to customers, as well as personalised product information. The tablet tills are also found where a normal cash desk would be, but they offer faster transactions and more payment options. | K55: no | L55: no | N55: yes | O55: yes | P55: yes | Q55: yes | S55: no | T55: no | U55: no | V55: no | W55: no | X55: no
A56: 55 | B56: www.pizzahut.co.uk | C56: 140000 | D56: megga | E56: fast food | F56: fast food | G56: yes | H56: Here at Pizza Hut Restaurants we've got a commitment to responsibly managing our resources to help our people, guests and planet. | I56: https://www.pizzahut.co.uk/restaurants/blog/sra/ | J56: https://www.webcurl.co.uk/crm-portals?gclid=EAIaIQobChMIpvG- | K56: no | L56: no | M56: no | N56: yes | O56: no | P56: no | Q56: no | R56: no | S56: no | T56: no | U56: no | V56: no | W56: no
A57: 56 | B57: www.sainsburys.co.uk | C57: 186900 | D57: megga | E57: retail | F57: retail | G57: yes | H57: Customers are increasingly concerned about wide-ranging, complex issues that impact them, their world and the wider world. They trust us to be a responsible business, whether that’s by supporting both the communities we serve and source from, managing our environmental impacts or creating a healthier, more inclusive society. For | I57: https://about.sainsburys.co.uk/~/media/Files/S/Sainsburys/documents/making-a-difference/Sustainability_Update_2018.p | J57: https://www.sainsburys.co.uk/webapp/wcs/stores/servlet/gb/groceries/get-ideas/our-instore-services/--tell | K57: yes | L57: no | M57: no | N57: no | O57: no | P57: no | Q57: no | R57: no | S57: no | T57: no | U57: no | V57: no | W57: no | X57: no
A58: 57 | B58: www.morrisons.co.uk | C58: 132000 | D58: megga | E58: retail | F58: retail | G58: yes | H58: We aim to operate in a way that is right for our stakeholders whilst making a positive contribution to society and taking good care of the environment. | I58: https://www.morrisons-corporate.com/annual-report-2017/#/corporate-responsibility | J58: https://www.morrisonsislistening.co.uk/?AspxAutoDetectCookieSuppo | K58: yes | L58: no | M58: no | N58: no | O58: no | P58: no | Q58: no | R58: no | S58: no | T58: no | U58: no | V58: no | W58: no | X58: no
A59: 58 | B59: www.marksandspencer.co.uk | C59: 80000 | D59: megga | E59: retail | F59: department store | G59: yes | I59: http://sustainability.debenhamsplc.com/people/
A60: 59 | B60: www.amazon.co.uk | C60: 151100 | D60: megga | E60: retail | F60: online retail | G60: yes | H60: With more than 40,000 plants from around the world, The Spheres showcase biodiversity in the heart of Seattle. | I60: https://www.aboutamazon.com/sustainability | J60: https://www.aboutamazon.com/sustainability | K60: yes | L60: yes | M60: yes | N60: no | O60: no | P60: no | Q60: no | R60: no | S60: no | T60: no | U60: no | V60: no | W60: no | X60: no | Y60: no
A61: 60 | B61: www.peacocks.co.uk | C61: 6000 | D61: megga | E61: retail | F61: retail | G61: yes | H61: Peacocks has become the latest UK retailer to switch out its plastic bags for eco-friendly biodegradable ones. The retailer is rolling out its new ‘eco-bags’ this month across its 500 stores. | I61: https://fashionunited.uk/news/retail/uk-retailer-peacocks-joins-war-on-plastic-with-biodegradable-bags/2018112040070 | J61: https://www.peacocks.co.uk/contact | K61: no | L61: no | M61: no | N61: no | O61: no | P61: no | Q61: no | R61: no | S61: no | T61: no | U61: no | V61: no | W61: no | X61: n
A62: 61 | B62: www.currys.co.uk | C62: 10762 | D62: megga | E62: retail | F62: electronics | G62: yes | H62: October trial will see installation teams pick up old batteries from customers' houses in a bid to boost heavy metal | I62: https://www.businessgreen.com/tag/currys | J62: https://www.currys.co.uk/gbuk/customer-services-1143-theme.html | K62: no | L62: no | M62: no | N62: yes | O62: yes | Q62: yes
A63: 62 | B63: www.therange.co.uk | C63: 11200 | D63: megga | E63: retail | G63: no | J63: https://www.therange.co.uk/storefeedback/ | K63: no | L63: no
A64: 63 | B64: www.dreams.co.uk | C64: 10889 | D64: megga | E64: retail | F64: home furnishings | G64: no | J64: https://www.dreams.co.uk/testimonials | K64: yes | L64: yes | M64: yes | N64: yes | O64: yes | P64: yes | Q64: yes | R64: no | X64: yes
A65: 64 | B65: www.asda.co.uk | C65: 165000 | D65: megga | E65: retail | G65: yes | H65: Our focus on sustainability has seen us reduce our environmental impact. It also means we’ve saved money for our business, our suppliers' businesses and our customers | I65: https://sustainability.asda.com/ | J65: http://asda-stores.custhelp.com/app/answers/detail_grow/a_id/1848/~/complaint---grocery | K65: yes | L65: yes | M65: yes | N65: no | O65: no | P65: no | Q65: no | R65: no | S65: no | T65: yes | U65: no
A66: 65 | B66: www.halfords.co.uk | C66: 10000 | D66: megga | E66: retail | G66: yes | H66: Managing our impact on the environment in a responsible and ethical manner | I66: https://www.halfordscompany.com/governance/policies/corporate-social-responsibility-policy/ | J66: https://www.halfords.com/advice/customer-services/shopping-at-halfords/ratings-and-reviews | K66: no | Q66: no
A67: 66 | B67: www.jrmf.co.uk | C67: 10 | D67: small | E67: retail | F67: motor factors | G67: no
A68: 67 | B68: www.eurocarparts.com | C68: 9000 | D68: megga | E68: retail | F68: motor factors | G68: no | J68: https://www.eurocarparts.com/contact-us | K68: no | L68: no | M68: no | N68: no | O68: no | P68: no | Q68: no | R68: no | S68: no | T68: no | U68: no | V68: no
A69: 68 | B69: www.gmfmotorfactors.co.uk | C69: 230 | D69: small | E69: retail | F69: motor factors | G69: no | J69: https://dafen.cylex-uk.co.uk/company/g-m-f-motor-factors-ltd-14029449.html
A70: 69 | B70: www.toolstation.co.uk | C70: 7131 | D70: megga | E70: retail | F70: tool supplies | G70: no | J70: https://www.toolstation.com/widgets/feedback/
A71: 70 | B71: www.brfactors.co.uk | C71: 5 | D71: small | E71: retail | F71: motor factors | G71: no | K71: no
K72: no

Sheet ICT
A1: Information and communication technologies (ICT) which serve as a tool to ahare knowledge
A3: Empty cells should be filled in by the URL addresses (i.e. https://www.shoesofprey.com/) of the web pages on which it was possible to observe prosumers activities connected with their ideas or kNOwledge. Subsequently these URLs will be use to verify the realibilty of gathered data. Grey cells (B and C columns) are fulling in automatically.
A5: NO. | B5: Company name | C5: Short description of observed prosumers activity | D5: Do you use the ICTs to commuciate with the company -E-mails | E5: Internet forums | F5: Own organizations' websites | G5: Specialized organizations' websites | H5: Popular information websites | I5: Industry specialized portals | J5: Mobile applications | K5: Facebook | L5: Online surveys | M5: Other
A6: 1 | B6: ='Business Processes'!B2 -> https://www.pukkaherbs.com/ | C6: ='Business Processes'!J2 -> https://www.pukkaherbs.com/your-wellbeing/stories/people/partners/bizgive/ https://www.pukkaherbs.com/media/76569880/pukka-sustainability-highlights-2016.pdf https://www.pukkaherbs.com/our-mission/inspiring-change/ | D6: YES | F6: YES | J6: YES | K6: YES | M6: Twitter, Blog, Google
A7: =A6+1 -> 2 | B7: ='Business Processes'!B3 -> www.Dell.com | C7: ='Business Processes'!J3 -> http://www.ideastorm.com/ | D7: YES | E7: YES | F7: YES | G7: YES | J7: YES | K7: YES
A8: =A7+1 -> 3 | B8: ='Business Processes'!B4 -> https://twitter.com/ | C8: ='Business Processes'!J4 -> https://books.google.co.uk/books?isbn=1473987490
A9: =A8+1 -> 4 | B9: ='Business Processes'!B5 -> https://www.amazon.co.uk/ | C9: ='Business Processes'!J5 -> https://www.amazon.co.uk/
A10: =A9+1 -> 5 | B10: ='Business Processes'!B6 -> https://www.facebook.com/ | C10: ='Business Processes'!J6 -> https://www.facebook.com/
A11: =A10+1 -> 6 | B11: ='Business Processes'!B7 -> https://www.uber.com/ | C11: ='Business Processes'!J7 -> https://www.uber.com/ | J11: yes | K11: yes
A12: =A11+1 -> 7 | B12: ='Business Processes'!B8 -> https://www.youtube.com/ | C12: ='Business Processes'!J8 -> https://www.youtube.com/ | J12: yes | K12: yes | L12: yes
A13: =A12+1 -> 8 | B13: https://www.o2.co.uk/ | C13: http://static.o2.co.uk/www/docs/thinkbig/think-big-blueprint-1-progress-report-2012-to-2015.pdf | D13: YES | E13: YES | F13: YES | G13: YES | H13: YES | J13: yes | K13: no | L13: yes | M13: Twitter, Google, facebook
A14: =A13+1 -> 9 | B14: https://www.apple.com/uk/ | C14: https://support.apple.com/en-gb | D14: YES | E14: YES | F14: YES | G14: YES | H14: YES | J14: yes | K14: YES | L14: yes | M14: Twitter, Google, facebook
A15: =A14+1 -> 10 | B15: http://ee.co.uk/ | C15: http://ee.co.uk/our-company/corporate-responsibility/building-trust/our-customers | D15: YES | E15: YES | F15: YES | G15: YES | H15: YES | J15: yes | M15: Twitter, Google, facebook
A16: =A15+1 -> 11 | B16: https://corporate.mcdonalds.com | C16: https://www.emeraldinsight.com/doi/abs/10.1108/MD-06-2013-0347?mobileUi=0&journalCode=md | D16: yes | E16: yes | F16: yes | G16: yes | H16: yes | I16: yes | J16: yes | K16: yes | L16: yes | M16: facebook , twitter, insta, google
A17: =A16+1 -> 12 | B17: http://www.vodafone.co.uk | C17: https://www.campaignlive.co.uk/article/vodafone-ogilvy-spoke-younger-generation-voxi/1487913 | D17: yes | E17: yes | F17: yes | I17: yes | J17: yes | K17: yes | M17: google
A18: =A17+1 -> 13 | B18: https://www.thebodyshop.com/en-gb/commitment | C18: https://www.thebodyshop.com/medias/Values-Report-2015-6.pdf?context=pdf/ha8/h40/9089793032222.pdf&attachment=true | D18: yes | E18: yes | F18: yes | I18: yes | J18: yes | K18: yes | M18: google
A19: =A18+1 -> 14 | B19: https://www.samsung.com/uk/aboutsamsung/home/ | D19: yes | E19: yes | F19: yes | I19: yes | J19: yes | K19: yes | M19: google
A20: =A19+1 -> 15 | B20: https://www.britishgas.co.uk/energy/gas-and-electricity.html | C20: Get involved in the conversation by tweeting British Gas and using the hashtag #RBWeek on Twitter. Or leave a comment on LinkedIn. Find out more about other projects @BritishGasMedia | D20: yes | E20: yes | F20: yes | I20: yes | J20: yes | K20: YES | M20: google
A21: =A20+1 -> 16 | B21: https://www.lego.com/en-gb/ | C21: We will continue to work closely with our retail partners and in LEGO-branded retail channels to create great experiences for consumers whenever and wherever they want to shop or play.” | D21: yes | E21: yes | F21: yes | I21: no | K21: yes | M21: google
A22: =A21+1 -> 17 | B22: http://www.dewalt.co.uk/ | D22: yes | E22: yes | F22: yes | I22: yes | J22: yes | K22: YES | M22: google
A23: =A22+1 -> 18 | B23: https://parcel.dhl.co.uk | D23: yes | E23: yes | F23: yes | I23: yes | J23: yes | K23: YES | M23: google
A24: =A23+1 -> 19 | B24: https://www.annsummers.com/fancy-dress/shop-by-category/halloween/ | C24: https://uk.marketforce.com/annsummers/ | D24: yes | E24: yes | F24: YES | I24: no | J24: no | K24: YES | M24: google
A25: =A24+1 -> 20 | B25: https://www.ikea.com/gb/en/ | C25: https://uk.marketforce.com/annsummers/ | D25: yes | E25: YES | F25: YES | I25: yes | J25: yes | K25: YES | M25: g
A26: =A25+1 -> 21 | B26: https://www.loreal-paris.co.uk/ | C26: L’Oréal has set itself the mission of offering all women and men worldwide the best of cosmetics innovation in terms of quality, efficacy and safety. By meeting the infinite diversity of beauty needs and desires all over the world. | D26: yes | E26: YES | F26: YES | I26: no | J26: yes | K26: YES | M26: google
A27: =A26+1 -> 22 | B27: https://www.superdry.com/ | D27: yes | E27: YES | F27: YES | I27: yes | J27: yes | K27: YES | M27: google
A28: =A27+1 -> 23 | B28: https://www.burgerking.co.uk/ | C28: We are dedicated to supporting and investing in our people – employees, franchisees, suppliers and restaurant guests – because they are the cornerstones of our business. We do all that we can to serve employees and guests alike. The BURGER KING McLAMORE℠ Foundation is but one way that we support our BURGER KING® friends and family. In addition to the foundation, along with our franchisee community, we support numerous local and regional initiatives worldwide. | D28: yes | E28: YES | F28: YES | I28: yes | J28: yes | K28: YES | M28: google
A29: =A28+1 -> 24 | B29: https://www.kfc.co.uk/?gclid=EAIaIQobChMIkPDmi8Sc3gIVSpztCh2qNwloEAAYASAAEgLv5vD_BwE | D29: yes | E29: YES | F29: YES | I29: yes | J29: yes | K29: YES | M29: google
A30: =A29+1 -> 25 | B30: https://www.wilko.com/ | D30: yes | E30: YES | F30: YES | I30: yes | J30: no | K30: YES | M30: google
A31: =A30+1 -> 26 | B31: https://www.homebargains.co.uk/ | C31: https://uk.trustpilot.com/review/www.homebargains.co.uk | D31: yes | E31: YES | F31: YES | I31: yes | J31: no | K31: YES | M31: google
A32: =A31+1 -> 27 | B32: https://www.bmstores.co.uk/stores | D32: yes | E32: YES | F32: YES | I32: no | J32: yes | K32: YES | M32: google
A33: =A32+1 -> 28 | B33: https://www.newlook.com | D33: yes | E33: YES | F33: YES | I33: yes | J33: yes | K33: YES
A34: 29 | B34: http://www.petsathome.com/?&cm_mmc=PPC-_-Google-_-BRAND-_-BRAND+Pets+at+Home&ito=GAG1396360056&itc=GAC217431081037&itkw=pets%20at%20home&itaexid=&itawnw=search&itawmt=e&itadvc=c&gclid=dclid=CNGrnPfEnN4CFVfgGwodLZkGBg | C34: https://www.slideshare.net/sustainablebrands/havas-media-prosumer-report | D34: yes | E34: YES | F34: YES | I34: yes | J34: yes | K34: YES
A35: 30 | B35: https://www.virginatlantic.com/ | D35: yes | E35: YES | F35: YES | I35: yes | J35: YES | K35: YES
A36: 31 | B36: https://www.coca-cola.co.uk | C36: https://cstonline.net/who-invented-the-prosumer-by-toby-miller/ | D36: yes | E36: YES | F36: YES | I36: yes | J36: yes | K36: YES
A37: =A36+1 -> 32 | B37: https://www.cadbury.co.uk/ | C37: https://www.cadbury.com.au/About-Cadbury/Sustainable-Cocoa.aspx | D37: yes | E37: YES | F37: YES | I37: yes | K37: YES
A38: =A37+1 -> 33 | B38: https://www.primark.com/en/homepage | C38: https://careers.primark.com/about-us | D38: yes | E38: YES | F38: YES | I38: yes | J38: no | K38: YES
A39: =A38+1 -> 34 | B39: https://www.uwtsd.ac.uk/ | D39: yes | E39: no | F39: YES | I39: yes | J39: yes | K39: YES | M39: google
A40: =A39+1 -> 35 | B40: https://www.nike.com | C40: https://www.nike.com/gb/en_gb/c/sustainability | D40: yes | E40: YES | F40: YES | I40: yes | J40: yes | K40: YES | M40: google
A41: =A40+1 -> 36 | B41: https://www.buildabear.co.uk/ | D41: yes | E41: YES | F41: YES | I41: no | J41: yes | K41: YES
A42: =A41+1 -> 37 | B42: https://www.microsoft.com/en-us/corporate-responsibility/environmental-sustainability | D42: yes | E42: YES | F42: YES | I42: yes | J42: yes | K42: YES | M42: facebook , twitter, insta, google
A43: =A42+1 -> 38 | B43: https://www.sky.com/ | D43: yes | E43: YES | F43: YES | I43: yes | J43: yes | K43: YES | M43: facebook , twitter, insta, google
A44: =A43+1 -> 39 | B44: https://www.capitalone.co.uk/creditcards/secure/find-my-card.jsf | D44: yes | E44: YES | F44: YES | I44: yes | J44: yes | K44: YES | M44: facebook , twitter, insta, google
A45: =A44+1 -> 40 | B45: https://www.airbnb.co.uk/a/?af=43720035&c=.pi0.pk59827738775_192767240144_c_12026460346&loc_interest_ms=&loc_physical_ms=9045391&gclid=Cj0KCQjwjbveBRDVARIsAKxH7vllhjG0sAGJLxJwnppHwk15fMbrwMAC-vHOh6GAzw21xEG5Ah-LgK0aAi0oEALw_wcB | D45: yes | E45: YES | F45: YES | I45: yes | J45: yes | K45: YES | M45: facebook , twitter, insta, google
A46: =A45+1 -> 41 | B46: https://www.gecapital.com/ | D46: yes | E46: YES | F46: YES | I46: yes | J46: yes | K46: YES | M46: facebook , twitter, insta, google
A47: =A46+1 -> 42 | B47: https://www.netflix.com/gb/ | C47: https://help.netflix.com/en/node/9977 | D47: yes | E47: YES | F47: YES | I47: yes | J47: yes | K47: YES | M47: facebook , twitter, insta, google
A48: =A47+1 -> 43 | B48: https://www.ibm.com/uk-en/ | D48: yes | E48: YES | F48: YES | I48: yes | J48: yes | K48: YES | M48: facebook , twitter, insta, google
A49: 44 | B49: https://www.barclays.co.uk/ | D49: yes | E49: YES | F49: YES | I49: yes | J49: yes | K49: YES | M49: f
A50: =A49+1 -> 45 | B50: www.matalan.co.uk | C50: https://production-matalanlive-assets.s3-eu-west-1.amazonaws.com/uploads/asset_file/asset_file/123175/1490265694.7899113-Report_and_Accounts_for_the_year_ended_25_February_2012.pdf | D50: yes | E50: YES | F50: YES | J50: yes | K50: YES | M50: facebook , twitter, insta, google
A51: =A50+1 -> 46 | B51: www.ebay.co.uk | C51: www.ebay.co.uk | D51: yes | E51: YES | F51: YES | J51: yes | K51: YES | M51: facebook , twitter, insta, google
A52: =A51+1 -> 47 | B52: www.microsoft.co.uk | C52: www.microsoft.co.uk | D52: yes | E52: YES | F52: YES | J52: yes | K52: YES | M52: google
A53: =A52+1 -> 48 | B53: www.argos.co.uk | C53: www.argos.co.uk | D53: yes | E53: YES | F53: YES | J53: yes | K53: YES | M53: google
A54: =A53+1 -> 49 | B54: www.adidas.co.uk | C54: www.adidas.co.uk | D54: yes | E54: YES | F54: YES | J54: yes | K54: YES | M54: google
A55: =A54+1 -> 50 | B55: www.pandora.co.uk | C55: www.pandora.co.uk | D55: yes | E55: YES | F55: YES | J55: yes | K55: YES | M55: google
A56: 51 | B56: www.welshwater.co.uk | C56: www.welshwater.co.uk | D56: yes | E56: YES | F56: YES | K56: YES | M56: google
A57: =A56+1 -> 52 | B57: www.debenhams.co.uk | C57: www.debenhams.co.uk | D57: yes | E57: YES | F57: YES | K57: YES | M57: google
A58: =A57+1 -> 53 | B58: www.tesco.co.uk | C58: www.tesco.co.uk | D58: yes | E58: YES | F58: YES | K58: YES | M58: google
A59: =A58+1 -> 54 | B59: www.lush.co.uk | C59: www.lush.co.uk | D59: yes | E59: YES | F59: YES | K59: YES | M59: google
A60: =A59+1 -> 55 | B60: www.pizzahut.co.uk | C60: www.pizzahut.co.uk | D60: yes | E60: YES | F60: YES | K60: YES | M60: google
A61: =A60+1 -> 56 | B61: www.sainsburys.co.uk | C61: https://www.sainsburys.co.uk/webapp/wcs/stores/servlet/gb/groceries/get-ideas/our-instore-services/--tell | D61: yes | F61: YES | K61: YES | M61: google
A62: =A61+1 -> 57 | B62: www.morrisons.co.uk | C62: www.morrisons.co.uk | D62: yes | E62: yes | F62: YES | K62: yes | M62: google
A63: =A62+1 -> 58 | B63: www.marksandspencer.co.uk | C63: www.marksandspencer.co.uk | D63: yes | F63: YES | K63: yes | M63: google
A64: =A63+1 -> 59 | B64: www.amazon.co.uk | C64: https://www.aboutamazon.com/sustainability | D64: yes | E64: yes | F64: YES | K64: yes | M64: google
A65: =A64+1 -> 60 | B65: www.peacocks.co.uk | C65: https://www.peacocks.co.uk/contact | D65: yes | E65: yes | F65: YES | K65: yes | M65: google
A66: =A65+1 -> 61 | B66: www.currys.co.uk | C66: https://www.currys.co.uk/gbuk/customer-services-1143-theme.html | D66: yes | E66: yes | F66: YES | J66: yes | K66: yes | M66: google
A67: =A66+1 -> 62 | B67: www.therange.co.uk | C67: https://www.therange.co.uk/storefeedback/ | D67: yes | E67: yes | F67: YES | J67: yes | K67: yes | M67: google
A68: =A67+1 -> 63 | B68: www.dreams.co.uk | C68: https://www.dreams.co.uk/testimonials | D68: yes | E68: yes | F68: YES | J68: yes | K68: yes | M68: google
A69: =A68+1 -> 64 | B69: www.asda.co.uk | C69: http://asda-stores.custhelp.com/app/answers/detail_grow/a_id/1848/~/complaint---grocery | D69: yes | E69: yes | F69: YES | J69: yes | K69: yes | M69: google
A70: =A69+1 -> 65 | B70: www.halfords.co.uk | C70: https://www.halfords.com/advice/customer-services/shopping-at-halfords/ratings-and-reviews | D70: yes | E70: yes | F70: YES | J70: yes | K70: yes | M70: google
A71: =A70+1 -> 66 | B71: www.jrmf.co.uk | D71: yes | E71: yes | F71: YES | K71: yes | M71: google
A72: =A71+1 -> 67 | B72: www.eurocarparts.com | C72: https://www.eurocarparts.com/contact-us | D72: yes | F72: YES | J72: yes | K72: yes | M72: google
A73: =A72+1 -> 68 | B73: www.gmfmotorfactors.co.uk | C73: https://dafen.cylex-uk.co.uk/company/g-m-f-motor-factors-ltd-14029449.html | D73: yes | E73: yes | F73: YES | J73: no | K73: yes | M73: google
A74: =A73+1 -> 69 | B74: www.toolstation.co.uk | C74: https://www.toolstation.com/widgets/feedback/ | D74: yes | E74: yes | F74: YES | J74: yes | K74: yes | M74: google
A75: =A74+1 -> 70 | B75: www.brfactors.co.uk | D75: yes | E75: yes | F75: YES | J75: no | K75: yes | M75: google

Sheet Knowledge sharing
A1: EXAMPLES OF PROSUMER KWLEDGE SHARING BY COMPANIES
A3: Empty cells should be filled in by the URL addresses (i.e. https://www.shoesofprey.com/) of the web pages on which it was possible to observe prosumers activities connected with their ideas or kwledge. Subsequently these URLs will be use to verify the realibilty of gathered data. Grey cells (B and C columns) are fulling in automatically.
A5: No | B5: Company name | C5: Short description of observed prosumers activity | D5: Do You - Evaluating products by scoring | E5: Evaluating products by placing comments | F5: Evaluating product in practice by testing | G5: Creating and designing products or their parts | H5: Other ways available for you to evaluate the products / services
A6: 1 | B6: ='Business Processes'!B2 -> https://www.pukkaherbs.com/ | C6: ='Business Processes'!J2 -> https://www.pukkaherbs.com/your-wellbeing/stories/people/partners/bizgive/ https://www.pukkaherbs.com/media/76569880/pukka-sustainability-highlights-2016.pdf https://www.pukkaherbs.com/our-mission/inspiring-change/ | E6: YES | F6: YES
A7: 2 | B7: ='Business Processes'!B3 -> www.Dell.com | C7: ='Business Processes'!J3 -> http://www.ideastorm.com/ | E7: YES | F7: YES | G7: YES | H7: Voting
A8: 3 | B8: ='Business Processes'!B4 -> https://twitter.com/ | C8: ='Business Processes'!J4 -> https://books.google.co.uk/books?isbn=1473987490 | F8: YES
A9: 4 | B9: ='Business Processes'!B5 -> https://www.amazon.co.uk/ | C9: ='Business Processes'!J5 -> https://www.amazon.co.uk/ | D9: yes | F9: YES | G9: yes
A10: 5 | B10: ='Business Processes'!B6 -> https://www.facebook.com/ | C10: ='Business Processes'!J6 -> https://www.facebook.com/ | F10: YES
A11: 6 | B11: ='Business Processes'!B7 -> https://www.uber.com/ | C11: ='Business Processes'!J7 -> https://www.uber.com/ | F11: YES
A12: 7 | B12: ='Business Processes'!B8 -> https://www.youtube.com/ | C12: ='Business Processes'!J8 -> https://www.youtube.com/ | F12: YES
A13: 8 | B13: https://www.o2.co.uk/ | C13: ='Business Processes'!J9 -> http://static.o2.co.uk/www/docs/thinkbig/think-big-blueprint-1-progress-report-2012-to-2015.pdf | E13: YES | F13: YES
A14: 9 | B14: https://www.apple.com/uk/ | C14: ='Business Processes'!J10 -> https://support.apple.com/en-gb | E14: YES | F14: YES | G14: YES
A15: 10 | B15: http://ee.co.uk/ | C15: ='Business Processes'!J11 -> http://ee.co.uk/our-company/corporate-responsibility/building-trust/our-customers | E15: YES | F15: yes
A16: 11 | B16: https://corporate.mcdonalds.com | C16: While we’re committed to taking on many challenges facing society today, we’re elevating a few global priorities where we believe we can make the greatest difference and drive industry-wide change. We can’t do this alone – to make truly meaningful progress, we will need to use our scale and reach to collaborate with others both within and beyond the McDonald’s system. | E16: yes | F16: yes | H16: ansoff matrix
A17: 12 | B17: http://www.vodafone.co.uk | E17: yes | F17: yes | H17: community page
A18: 13 | B18: https://www.thebodyshop.com/en-gb/commitment | E18: yes | F18: yes | G18: yes | H18: they have a contact us page, live chat,
A19: 14 | B19: https://www.samsung.com/uk/aboutsamsung/home/ | D19: yes | E19: yes | F19: yes
A20: 15 | B20: https://www.britishgas.co.uk/energy/gas-and-electricity.html | D20: yes | E20: yes | H20: review page
A21: 16 | B21: https://www.lego.com/en-gb/ | E21: yes | F21: yes | H21: review page,
A22: 17 | B22: http://www.dewalt.co.uk/ | E22: yes | F22: yes
A23: 18 | B23: https://parcel.dhl.co.uk | D23: yes | E23: yes | H23: online survey
A24: 19 | B24: https://www.annsummers.com/fancy-dress/shop-by-category/halloween/ | D24: yes | E24: yes | F24: yes | G24: yes | H24: online review page
A25: 20 | B25: https://www.ikea.com/gb/en/ | E25: yes | F25: yes | G25: yes | H25: review page,
A26: 21 | B26: https://www.loreal-paris.co.uk/ | C26: L’Oréal has set itself the mission of offering all women and men worldwide the best of cosmetics innovation in terms of quality, efficacy and safety. By meeting the infinite diversity of beauty needs and desires all over the world. | E26: yes | F26: yes | H26: review page
A27: 22 | B27: https://www.superdry.com/ | C27: Beauty is universal. | E27: yes | F27: yes | G27: yes | H27: review page,
A28: 23 | B28: https://www.burgerking.co.uk/ | E28: yes | F28: yes | H28: in the store, review page, customer survey
A29: 24 | B29: https://www.kfc.co.uk/?gclid=EAIaIQobChMIkPDmi8Sc3gIVSpztCh2qNwloEAAYASAAEgLv5vD_BwE | E29: yes | F29: yes | H29: online customer survey
A30: 25 | B30: https://www.wilko.com/ | E30: yes | F30: yes | H30: customer review page
A31: 26 | B31: https://www.homebargains.co.uk/ | C31: https://uk.trustpilot.com/review/www.homebargains.co.uk | E31: yes | F31: yes | H31: post in, review page
A32: 27 | B32: https://www.bmstores.co.uk/stores | E32: yes | F32: yes | G32: yes | H32: review page
A33: 28 | B33: https://www.newlook.com | E33: yes | F33: yes | H33: online, post
A34: 29 | B34: http://www.petsathome.com/?&cm_mmc=PPC-_-Google-_-BRAND-_-BRAND+Pets+at+Home&ito=GAG1396360056&itc=GAC217431081037&itkw=pets%20at%20home&itaexid=&itawnw=search&itawmt=e&itadvc=c&gclid=dclid=CNGrnPfEnN4CFVfgGwodLZkGBg | C34: https://www.slideshare.net/sustainablebrands/havas-media-prosumer-report | E34: yes | F34: yes | H34: online survey
A35: 30 | B35: https://www.virginatlantic.com/ | D35: yes | E35: yes | H35: online portal, review page
A36: 31 | B36: https://www.coca-cola.co.uk | E36: yes | F36: yes | G36: yes | H36: on website review
A37: 32 | B37: https://www.cadbury.co.uk/ | C37: https://www.cadbury.com.au/About-Cadbury/Sustainable-Cocoa.aspx | E37: yes | F37: yes | H37: review page
A38: 33 | B38: https://www.primark.com/en/homepage | C38: Get ready to be amazed Primark has come a long, long way since we opened back in 1969 under the Penneys name in Dublin. Today, we operate in more than 330 stores in 11 countries across Europe and America. But that doesn’t tell the whole story of Primark. Here we give you some staggering facts of who we are today. And we hope that this inspires you to join us. Bigger and better Than any other destination clothing retailer, with the biggest share of our market in the UK, Ireland, Spain and Portugal. And how do we stand out from the crowd? By offering amazing fashion at amazing prices. Across our network of stores we have 13 million sq. ft. of selling space. In 2015/16, we opened 22 stores and created 7,830 new jobs. And we’re introducing new Wi-Fi in all our new stores. You’ll also be part of an ethically and environmentally responsible business. We’ve been ranked as ‘Leader’ by the Ethical Trading Initiative since 2011 and we donate all unsold merchandise to charity. We’re committed to reducing our environmental impact by eliminating certain chemicals from our supply chain, supporting Greenpeace’s Detox campaign and improving sustainability. 95% of our stores have a building management system ensuring energy efficiency. In 2015/16 we recycled over 9,000 tonnes of hangers, 3,000 tonnes of plastic and 45,000 tonnes of cardboard. And all our brown bags are made from recycled waste card and paper. We’re also a good neighbour, contributing to communities where we trade and supporting local education on collaborative projects and internships. Keeping up with demand Our fashions fly off the shelves and rails. So we need to get products from suppliers to stores in double quick time. We buy in volume from over 700 suppliers in 37 countries. Since 2013, we have doubled our warehouse capacity and currently operate from eight distribution centres. Our most recent centre opened in summer 2016 in Islip, Northamptonshire, UK and has to be seen to be believed. The site has 1.1 million sq. ft. of space – the equivalent of 17 football pitches. It has 13 miles of aisles. And it’s a 24/7 operation powered by over 250 committed colleagues. Actually, you can see it below: Since 2013, we have doubled our warehouse capacity and currently operate from eight distribution centres. People make Primark Primark is driven by over 70,000 passionate, enthusiastic and dedicated people like you, each playing their part in meeting our customers’ expectations. More customers and more new stores mean new opportunities. We believe in providing a positive and welcoming experience during the recruitment process. And if you want a career rather than a job, only your energy and hard work will hold you back. Many of our managers were promoted internally. Our business also directly contributes to the employment of over 700,000 workers across four continents and we estimate that 2.4 million people are supported indirectly. | E38: yes | F38: yes | H38: review page,
A39: 34 | B39: https://www.uwtsd.ac.uk/ | E39: yes | H39: review page,
A40: 35 | B40: https://www.nike.com | C40: https://www.nike.com/gb/en_gb/c/sustainability | D40: yes | E40: yes | F40: yes | H40: review page,
A41: 36 | B41: https://www.buildabear.co.uk/ | E41: yes | F41: yes | G41: yes | H41: review page
A42: 37 | B42: https://www.microsoft.com/en-us/corporate-responsibility/environmental-sustainability | E42: yes | H42: review page, online survey
A43: 38 | B43: https://www.sky.com/ | E43: yes | H43: review page
A44: 39 | B44: https://www.capitalone.co.uk/creditcards/secure/find-my-card.jsf | E44: yes | H44: review page
A45: 40 | B45: https://www.airbnb.co.uk/a/?af=43720035&c=.pi0.pk59827738775_192767240144_c_12026460346&loc_interest_ms=&loc_physical_ms=9045391&gclid=Cj0KCQjwjbveBRDVARIsAKxH7vllhjG0sAGJLxJwnppHwk15fMbrwMAC-vHOh6GAzw21xEG5Ah-LgK0aAi0oEALw_wcB | D45: yes | E45: yes | H45: online review on trip advisor etc,...
A46: 41 | B46: https://www.gecapital.com/ | E46: yes | H46: online reviews
A47: 42 | B47: https://www.netflix.com/gb/ | C47: https://help.netflix.com/en/node/9977 | E47: yes
A48: 43 | B48: https://www.ibm.com/uk-en/ | E48: yes
A49: 44 | B49: https://www.barclays.co.uk/ | E49: yes | H49: in store and online survey, on app
A50: 45 | B50: ww.matalan.co.uk | C50: https://production-matalanlive-assets.s3-eu-west-1.amazonaws.com/uploads/asset_file/asset_file/123175/1490265694.7899113-Report_and_Accounts_for_the_year_ended_25_February_2012.pdf | E50: yes | F50: yes | G50: yes | H50: online review
A51: 46 | B51: www.ebay.co.uk | C51: www.ebay.co.uk | D51: yes | E51: yes | G51: yes | H51: feedback from customers
A52: 47 | B52: www.microsoft.co.uk | C52: www.microsoft.co.uk | E52: yes | H52: onlie survey
A53: 48 | B53: www.argos.co.uk | C53: www.argos.co.uk | E53: yes | F53: yes | G53: yes | H53: online survey of company and priducts
A54: 49 | B54: www.adidas.co.uk | C54: www.adidas.co.uk | E54: yes | F54: yes | G54: yes | H54: online
A55: 50 | B55: www.pandora.co.uk | C55: www.pandora.co.uk | E55: yes | F55: yes | G55: yes | H55: comment online
A56: 51 | B56: www.welshwater.co.uk | C56: www.welshwater.co.uk | D56: yes | E56: yes | H56: online customer survey
A57: 52 | B57: www.debenhams.co.uk | C57: www.debenhams.co.uk | E57: yes | F57: yes | G57: yes | H57: online review
A58: 53 | B58: www.tesco.co.uk | C58: www.tesco.co.uk | E58: yes | F58: yes | H58: in store and online survey, reviews online
A59: 54 | B59: www.lush.co.uk | C59: www.lush.co.uk | E59: yes | F59: yes | G59: yes | H59: in stre and online review
A60: 55 | B60: www.pizzahut.co.uk | C60: www.pizzahut.co.uk | E60: yes | F60: yes | H60: online review
A61: 56 | B61: www.sainsburys.co.uk | C61: https://www.sainsburys.co.uk/webapp/wcs/stores/servlet/gb/groceries/get-ideas/our-instore-services/--tell | E61: yes | F61: yes | H61: in store and online review
A62: 57 | B62: www.morrisons.co.uk | C62: www.morrisons.co.uk | E62: yes | F62: yes | G62: yes | H62: in store and online review
A63: 58 | B63: www.marksandspencer.co.uk | C63: www.marksandspencer.co.uk | E63: yes | F63: yes | H63: online review
A64: 59 | B64: www.amazon.co.uk | C64: https://www.aboutamazon.com/sustainability | D64: yes | E64: yes | F64: yes | H64: online review of products and site
A65: 60 | B65: www.peacocks.co.uk | C65: https://www.peacocks.co.uk/contact | E65: yes | F65: yes | G65: yes | H65: online review
A66: 61 | B66: www.currys.co.uk | C66: https://www.currys.co.uk/gbuk/customer-services-1143-theme.html | E66: yes | F66: yes
A67: 62 | B67: www.therange.co.uk | C67: https://www.therange.co.uk/storefeedback/ | E67: yes | F67: yes
A68: 63 | B68: www.dreams.co.uk | C68: https://www.dreams.co.uk/testimonials | D68: yes | E68: yes | F68: yes
A69: 64 | B69: www.asda.co.uk | C69: http://asda-stores.custhelp.com/app/answers/detail_grow/a_id/1848/~/complaint---grocery | E69: yes | F69: yes
A70: 65 | B70: www.halfords.co.uk | C70: https://www.halfords.com/advice/customer-services/shopping-at-halfords/ratings-and-reviews | D70: yes | E70: yes | F70: yes
A71: 66 | B71: www.jrmf.co.uk | E71: yes | F71: yes
A72: 67 | B72: www.eurocarparts.com | C72: https://www.eurocarparts.com/contact-us | E72: yes
A73: 68 | B73: www.gmfmotorfactors.co.uk | C73: https://dafen.cylex-uk.co.uk/company/g-m-f-motor-factors-ltd-14029449.html | E73: yes | F73: yes
A74: 69 | B74: www.toolstation.co.uk | C74: https://www.toolstation.com/widgets/feedback/ | E74: yes | F74: yes
A75: 70 | B75: www.brfactors.co.uk | E75: yes | F75: yes | H75: online review

Sheet Incentives
A1: Incentives which Enterprises use to encourage prosumers to share knowledge
A3: Empty cells should be filled in by the URL addresses (i.e. https://www.shoesofprey.com/) of the web pages on which it was possible to observe prosumers activities connected with their ideas or kwledge. Subsequently these URLs will be use to verify the realibilty of gathered data. Grey cells (B and C columns) are fulling in automatically.
A5: . | B5: Company name | C5: Short description of observed prosumers activity | D5: What incentives interest you - Material rewards (e.g free gifts, souvenirs) | E5: Monetary compensation | F5: Testing of prototypes | G5: Free samples of products | H5: Bonus points with financial value | I5: Personal benefits (e.g. enhancing the expertise, status or recognition; being a part of the community; pride of excellence; need to learn more) | J5: Other - what other incentives interest you?
A6: 1 | B6: ='Business Processes'!B2 -> https://www.pukkaherbs.com/ | C6: ='Business Processes'!J2 -> https://www.pukkaherbs.com/your-wellbeing/stories/people/partners/bizgive/ https://www.pukkaherbs.com/media/76569880/pukka-sustainability-highlights-2016.pdf https://www.pukkaherbs.com/our-mission/inspiring-change/ | D6: YES | I6: YES | J6: Competitions
A7: 2 | B7: ='Business Processes'!B3 -> www.Dell.com | C7: ='Business Processes'!J3 -> http://www.ideastorm.com/ | J7: Dell Community Rockstar
A8: 3 | B8: ='Business Processes'!B4 -> https://twitter.com/ | C8: ='Business Processes'!J4 -> https://books.google.co.uk/books?isbn=1473987490
A9: 4 | B9: ='Business Processes'!B5 -> https://www.amazon.co.uk/ | C9: ='Business Processes'!J5 -> https://www.amazon.co.uk/
A10: 5 | B10: ='Business Processes'!B6 -> https://www.facebook.com/ | C10: ='Business Processes'!J6 -> https://www.facebook.com/
A11: 6 | B11: ='Business Processes'!B7 -> https://www.uber.com/ | C11: ='Business Processes'!J7 -> https://www.uber.com/
A12: 7 | B12: ='Business Processes'!B8 -> https://www.youtube.com/ | C12: ='Business Processes'!J8 -> https://www.youtube.com/
A13: 8 | B13: https://www.o2.co.uk/ | C13: ='Business Processes'!J9 -> http://static.o2.co.uk/www/docs/thinkbig/think-big-blueprint-1-progress-report-2012-to-2015.pdf | D13: YES | E13: YES | I13: YES | J13: competitions
A14: 9 | B14: https://www.apple.com/uk/ | C14: ='Business Processes'!J10 -> https://support.apple.com/en-gb | E14: YES | I14: YES | J14: competitors and techlogy change
A15: 10 | B15: http://ee.co.uk/ | C15: ='Business Processes'!J11 -> http://ee.co.uk/our-company/corporate-responsibility/building-trust/our-customers | D15: YES | E15: YES | I15: YES | J15: competitions
A16: 11 | B16: https://corporate.mcdonalds.com | D16: yes | E16: yes | F16: yes | J16: coffee reward card, monopoly, wrap of the day, competitions
A17: 12 | B17: http://www.vodafone.co.uk | D17: yes | E17: yes | H17: yes | J17: free gift with handset, extra gb deals
A18: 13 | B18: https://www.thebodyshop.com/en-gb/commitment | D18: yes | F18: yes | G18: yes | J18: special offers
A19: 14 | B19: https://www.samsung.com/uk/aboutsamsung/home/ | D19: yes | F19: yes | I19: yes | J19: offers with handsets, offers on products
A20: 15 | B20: https://www.britishgas.co.uk/energy/gas-and-electricity.html | D20: yes | E20: yes | J20: money for changing to them
A21: 16 | B21: https://www.lego.com/en-gb/ | D21: yes | F21: yes | G21: yes | J21: sales
A22: 17 | B22: http://www.dewalt.co.uk/ | D22: yes | F22: yes | J22: sales
A23: 18 | B23: https://parcel.dhl.co.uk | E23: yes
A24: 19 | B24: https://www.annsummers.com/fancy-dress/shop-by-category/halloween/
A25: 20 | B25: https://www.ikea.com/gb/en/
A26: 21 | B26: https://www.loreal-paris.co.uk/ | C26: L’Oréal has set itself the mission of offering all women and men worldwide the best of cosmetics innovation in terms of quality, efficacy and safety. By meeting the infinite diversity of beauty needs and desires all over the world. | D26: yes
A27: 22 | B27: https://www.superdry.com/ | C27: Beauty is universal.
A28: 23 | B28: https://www.burgerking.co.uk/
A29: 24 | B29: https://www.kfc.co.uk/?gclid=EAIaIQobChMIkPDmi8Sc3gIVSpztCh2qNwloEAAYASAAEgLv5vD_BwE | D29: yes
A30: 25 | B30: https://www.wilko.com/
A31: 26 | B31: https://www.homebargains.co.uk/
A32: 27 | B32: https://www.bmstores.co.uk/stores
A33: 28 | B33: https://www.newlook.com
A34: 29 | B34: http://www.petsathome.com/?&cm_mmc=PPC-_-Google-_-BRAND-_-BRAND+Pets+at+Home&ito=GAG1396360056&itc=GAC217431081037&itkw=pets%20at%20home&itaexid=&itawnw=search&itawmt=e&itadvc=c&gclid=dclid=CNGrnPfEnN4CFVfgGwodLZkGBg
A35: 30 | B35: https://www.virginatlantic.com/ | D35: yes | E35: yes
A36: 31 | B36: https://www.coca-cola.co.uk | D36: yes
A37: 32 | B37: https://www.cadbury.co.uk/
A38: 33 | B38: https://www.primark.com/en/homepage
A39: 34 | B39: https://www.uwtsd.ac.uk/
A40: 35 | B40: https://www.nike.com | D40: yes
A41: 36 | B41: https://www.buildabear.co.uk/ | D41: yes
A42: 37 | B42: https://www.microsoft.com/en-us/corporate-responsibility/environmental-sustainability | E42: yes
A43: 38 | B43: https://www.sky.com/ | D43: yes | E43: yes
A44: 39 | B44: https://www.capitalone.co.uk/creditcards/secure/find-my-card.jsf | E44: yes
A45: 40 | B45: https://www.airbnb.co.uk/a/?af=43720035&c=.pi0.pk59827738775_192767240144_c_12026460346&loc_interest_ms=&loc_physical_ms=9045391&gclid=Cj0KCQjwjbveBRDVARIsAKxH7vllhjG0sAGJLxJwnppHwk15fMbrwMAC-vHOh6GAzw21xEG5Ah-LgK0aAi0oEALw_wcB | E45: yes
A46: 41 | B46: https://www.gecapital.com/
A47: 42 | B47: https://www.netflix.com/gb/ | D47: yes | E47: yes
A48: 43 | B48: https://www.ibm.com/uk-en/
A49: 44 | B49: https://www.barclays.co.uk/
A50: 45 | B50: https://www.matalan.co.uk
A51: 46 | B51: www.ebay.co.uk | C51: www.ebay.co.uk | E51: yes
A52: 47 | B52: www.microsoft.co.uk | C52: www.microsoft.co.uk | E52: yes
A53: 48 | B53: www.argos.co.uk | C53: www.argos.co.uk
A54: 49 | B54: www.adidas.co.uk | C54: www.adidas.co.uk | D54: yes
A55: 50 | B55: www.pandora.co.uk | C55: www.pandora.co.uk
A56: 51 | B56: www.welshwater.co.uk | C56: www.welshwater.co.uk | E56: yes
A57: 52 | B57: www.debenhams.co.uk | C57: www.debenhams.co.uk
A58: 53 | B58: www.tesco.co.uk | C58: www.tesco.co.uk | D58: yes
A59: 54 | B59: www.lush.co.uk | C59: www.lush.co.uk | D59: yes
A60: 55 | B60: www.pizzahut.co.uk | C60: www.pizzahut.co.uk | D60: yes
A61: 56 | B61: www.sainsburys.co.uk | C61: https://www.sainsburys.co.uk/webapp/wcs/stores/servlet/gb/groceries/get-ideas/our-instore-services/--tell | D61: yes
A62: 57 | B62: www.morrisons.co.uk | C62: www.morrisons.co.uk | D62: yes
A63: 58 | B63: www.marksandspencer.co.uk | C63: www.marksandspencer.co.uk
A64: 59 | B64: www.amazon.co.uk | C64: https://www.aboutamazon.com/sustainability | D64: yes
A65: 60 | B65: www.peacocks.co.uk | C65: https://www.peacocks.co.uk/contact
A66: 61 | B66: www.currys.co.uk | C66: https://www.currys.co.uk/gbuk/customer-services-1143-theme.html | D66: yes
A67: 62 | B67: www.therange.co.uk | C67: https://www.therange.co.uk/storefeedback/
A68: 63 | B68: www.dreams.co.uk | C68: https://www.dreams.co.uk/testimonials | D68: yes | E68: yes
A69: 64 | B69: www.asda.co.uk | C69: http://asda-stores.custhelp.com/app/answers/detail_grow/a_id/1848/~/complaint---grocery
A70: 65 | B70: www.halfords.co.uk | C70: https://www.halfords.com/advice/customer-services/shopping-at-halfords/ratings-and-reviews
A71: 66 | B71: www.jrmf.co.uk
A72: 67 | B72: www.eurocarparts.com | C72: https://www.eurocarparts.com/contact-us | D72: yes
A73: 68 | B73: www.gmfmotorfactors.co.uk | C73: https://dafen.cylex-uk.co.uk/company/g-m-f-motor-factors-ltd-14029449.html
A74: 69 | B74: www.toolstation.co.uk | C74: https://www.toolstation.com/widgets/feedback/
A75: 70 | B75: www.brfactors.co.uk
